Map: Automaton LE

Players

Smileblind

  • Race: Terran Terran
  • League: Silver
  • Spawn Location: 3:00

A.I. 1 (Harder) - Winner!

  • Race: Zerg Zerg
  • Spawn Location: 9:00

VOD

Have the link to the VOD?

Description

Time

  • Played on: Jan. 15, 2019, 10:18 p.m.
  • Length: 13:57
Show
View Real Time Build Order
Export as new Build Order

Smileblind Terran 

Build Orders:  

Get SALT Encoding   

  12  0:05  SCV  
  13  0:17  SCV  
  14  0:25  Supply Depot  
  14  0:29  SCV  
  15  0:45  Supply Depot  
  15  0:46  SCV  
  16  0:53  Refinery  
  16  0:58  SCV  
  17  1:10  SCV  
  18  1:13  Barracks  
  18  1:15  Supply Depot  
  18  1:22  SCV  
  19  1:35  SCV  
  20  1:47  SCV  
  21  1:51  Refinery  
  21  1:59  SCV, Barracks  
  22  2:09  Barracks Reactor  
  22  2:11  SCV  
  23  2:23  SCV  
  24  2:32  Command Center  
  24  2:56  Barracks Reactor  
  24  2:57  Marine  
  24  2:58  Marine  
  26  3:12  Bunker  
  26  3:15  Marine x2  
  28  3:33  Marine x2  
  30  3:43  SCV, Bunker  
  30  3:48  SCV  
  32  3:51  Marine x2  
  32  3:55  SCV  
  35  3:57  Engineering Bay  
  35  4:00  SCV  
  36  4:07  SCV  
  37  4:10  Marine x2  
  37  4:12  SCV  
  40  4:19  SCV  
  41  4:24  SCV  
  41  4:27  Factory  
  41  4:28  Marine x2  
  41  4:30  Marine x2  
  46  4:31  SCV  
  46  4:36  SCV  
  48  4:40  Neosteel Armor  
  48  4:45  Marine  
  48  4:46  Marine  
  48  4:47  Marine  
  48  4:48  SCV  
  52  5:00  SCV  
  52  5:01  Orbital Command  
  53  5:13  SCV, Missile Turret  
  54  5:14  Factory Tech Lab  
  54  5:21  Sensor Tower  
  54  5:47  Supply Depot  
  54  6:01  Supply Depot  
  54  6:08  Marine x4  
  54  6:09  SCV, Refinery  
  59  6:13  Refinery  
  59  6:20  Terran Infantry Weapons Level 1  
  59  6:21  SCV  
  60  6:25  Missile Turret  
  60  6:26  Marine x4  
  60  6:29  Siege Tank  
  67  6:33  SCV  
  68  6:44  Marine x2  
  70  7:03  Command Center  
  70  7:25  Marine  
  70  7:27  SCV, Marine x3  
  70  7:28  Siege Tank  
  69  7:39  SCV  
  70  7:57  Missile Turret  
  70  8:14  Hi-Sec Auto Tracking, Marine x4  
  70  8:15  SCV, Siege Tank  
  70  8:17  Armory  
  78  8:20  SCV  
  80  8:27  SCV  
  80  8:31  Missile Turret, Supply Depot  
  80  8:32  SCV, Marine x2  
  83  8:39  SCV  
  85  8:53  SCV, Siege Tank  
  89  8:56  Missile Turret  
  89  9:04  Factory  
  89  9:05  SCV  
  89  9:06  SCV  
  90  9:11  Terran Infantry Armor Level 1  
  90  9:18  SCV, Missile Turret  
  91  9:30  SCV  
  92  9:35  Siege Tank  
  68  9:46  Marine x3  
  64  10:04  Marine  
  65  10:07  Siege Tank  
  68  10:22  Barracks Reactor, Marine  
  69  10:39  Siege Tank  
  69  10:40  Marine  
  73  10:51  Smart Servos  
  73  10:58  Marine  
  74  11:11  Siege Tank  
  74  11:16  Marine  
  78  11:33  Marine  
  79  11:43  Thor  
  79  11:46  SCV, Sensor Tower  
  86  11:51  Marine  
  87  11:58  SCV  
  87  11:59  Terran Vehicle Weapons Level 1  
  88  12:09  Marine  
  88  12:10  SCV  
  88  12:12  Marine x2  
  92  12:20  Factory Tech Lab, Starport  
  92  12:22  SCV  
  93  12:38  Missile Turret  
  93  12:44  Missile Turret  
  93  12:57  Bunker  
  93  13:04  Orbital Command  
  93  13:08  SCV, Marine  
  88  13:25  Marine  
  72  13:42  SCV  
Show
View Real Time Build Order
Export as new Build Order

A.I. 1 (Harder) Zerg - Winner!

Build Orders: Hatch First, Lurkers 

Get SALT Encoding   

  12  0:00  Drone  
  13  0:12  Overlord  
  13  0:18  Drone  
  14  0:31  Drone x2  
  14  0:34  Drone  
  17  0:54  Hatchery  
  16  0:57  Drone  
  17  1:14  Spawning Pool  
  17  1:15  Drone  
  17  1:18  Drone  
  18  1:21  Extractor  
  18  1:23  Drone  
  18  1:31  Overlord  
  18  1:38  Drone  
  19  2:01  Queen  
  19  2:03  Zergling x4  
  19  2:06  Roach Warren, Drone  
  19  2:07  Extractor  
  22  2:13  Drone  
  23  2:25  Drone  
  24  2:32  Lair  
  24  2:46  Roach  
  26  2:52  Extractor  
  26  2:54  Drone  
  26  3:01  Drone  
  26  3:04  Drone  
  28  3:08  Overlord  
  28  3:15  Drone  
  28  3:19  Drone  
  30  3:22  Drone  
  30  3:26  Drone  
  32  3:30  Drone  
  32  3:33  Drone  
  34  3:35  Hydralisk Den  
  33  3:44  Drone  
  33  3:47  Drone  
  35  3:53  Overlord  
  35  3:56  Drone  
  35  4:01  Roach  
  38  4:04  Lurker Den  
  38  4:07  Drone  
  38  4:13  Roach  
  40  4:24  Overlord  
  40  4:26  Hydralisk  
  40  4:29  Drone  
  43  4:31  Drone  
  43  4:34  Drone  
  43  4:36  Drone  
  46  4:38  Hydralisk  
  46  4:42  Drone x2  
  50  4:46  Overlord  
  50  4:50  Drone  
  50  4:52  Drone, Hydralisk  
  52  4:54  Drone  
  55  5:02  Evolution Chamber  
  55  5:03  Drone  
  55  5:05  Drone  
  56  5:14  Drone  
  56  5:16  Drone  
  56  5:18  Drone  
  59  5:21  Overlord  
  59  5:24  Drone  
  59  5:25  Drone  
  59  5:28  Zerg Ground Armor Level 1, Drone  
  61  5:30  Lurker  
  61  5:31  Lurker  
  61  5:35  Hydralisk  
  66  5:39  Drone  
  67  5:46  Overlord  
  67  5:47  Drone x2  
  67  5:48  Hydralisk  
  71  5:51  Drone  
  71  5:52  Burrow  
  72  6:01  Roach  
  74  6:06  Overlord  
  74  6:14  Roach  
  74  6:15  Extractor  
  75  6:24  Overlord  
  75  6:27  Roach  
  75  6:29  Drone, Spore Crawler  
  77  6:33  Drone, Spore Crawler  
  77  6:35  Drone, Spore Crawler  
  77  6:37  Drone  
  77  6:38  Drone  
  81  6:40  Drone, Lurker x2, Ravager  
  83  6:48  Overlord  
  83  6:49  Hydralisk  
  85  6:57  Spine Crawler  
  85  6:58  Drone, Overseer  
  85  7:02  Spine Crawler, Drone, Hydralisk  
  85  7:05  Baneling Nest  
  85  7:06  Drone  
  85  7:07  Drone, Spore Crawler  
  87  7:11  Queen  
  87  7:15  Overlord, Hydralisk  
  89  7:19  Queen  
  89  7:22  Zerg Missile Weapons Level 1  
  93  7:24  Drone, Infestation Pit  
  93  7:29  Overseer, Roach  
  92  7:30  Spine Crawler  
  92  7:32  Spine Crawler, Drone  
  91  7:41  Hydralisk  
  91  7:44  Spire  
  92  7:45  Drone  
  92  7:47  Queen  
  92  7:50  Evolution Chamber, Drone  
  95  7:54  Hydralisk  
  97  8:15  Zerg Melee Weapons Level 1  
  97  8:45  Overlord, Hive  
  97  8:48  Pneumatized Carapace  
  97  8:59  Hatchery, Overseer  
  96  9:20  Overlord  
  96  9:34  Zergling x2, Roach  
  80  9:52  Hydralisk  
  74  9:59  Ultralisk Cavern  
  73  10:04  Hydralisk  
  69  10:12  Drone x2, Hydralisk, Queen  
  69  10:13  Drone x4  
  69  10:14  Drone x5  
  81  10:20  Extractor  
  81  10:21  Drone, Hydralisk  
  84  10:23  Drone, Spore Crawler  
  84  10:26  Spore Crawler  
  84  10:28  Extractor  
  84  10:29  Drone  
  84  10:30  Hydralisk  
  87  10:38  Hydralisk, Zerg Melee Weapons Level 2  
  89  10:43  Drone  
  89  10:48  Ultralisk  
  96  10:51  Spine Crawler  
  96  10:52  Drone  
  96  10:53  Spine Crawler  
  96  10:55  Drone, Zerg Ground Armor Level 2  
  96  10:56  Ultralisk  
  102  11:05  Ultralisk  
  108  11:11  Zerg Flyer Weapons Level 1  
  108  11:13  Ultralisk  
  114  11:22  Ultralisk  
  120  12:00  Overlord, Overseer  
  120  12:28  Hatchery  
  120  12:29  Drone  
  120  12:43  Mutalisk x3, Overlord, Zergling x6  
  120  12:44  Mutalisk x3, Zergling x6  
  138  13:00  Baneling x3  
  138  13:01  Baneling x3, Overlord, Zergling x4  
  138  13:02  Zergling x6  
  138  13:03  Baneling x4, Zergling x6  
  146  13:07  Zergling x2  
  146  13:14  Overlord  
  146  13:16  Ultralisk  
  146  13:19  Zergling x2  
  135  13:21  Zergling x2  
  135  13:23  Zergling x2  
  135  13:24  Zergling x2  
  135  13:25  Mutalisk x2, Zergling x2  
  135  13:26  Overseer  
  135  13:27  Overseer  
  137  13:31  Mutalisk x2  
  137  13:32  Mutalisk x2, Overlord  
  145  13:47  Extractor  
  146  13:49  Spore Crawler  
  146  13:51  Spore Crawler  
  146  13:54  Spore Crawler  
  147  13:57  Extractor  
Tags
 
Composition
Lurkers
League
Silver
Matchup
TvZ
Spawn Locations
Cross Positions
Add a new tag
Caveats
  • Supply blocks, unpowered buildings, or Contaminate may cause inaccurate times.
  • Supply counts are checked every 10 seconds.